BLB
PHILADELPHIA FREEDOM @ BALTIMORE BULLDOGS
06/28/2060
 
TOP OF THE 1ST
Philadelphia Freedom batting - Pitching for Baltimore Bulldogs : LHP B.J. Armour
Pitching: LHP B.J. Armour
Batting: LHB Rob Morris 0-0: Foul Ball, location: 2F
0-1: Called Strike
0-2: Strikes out looking
Batting: RHB Markel Crawford 0-0: Called Strike
0-1: Fly out, F9 (Flyball, 9D, EV 94.4 MPH)
Batting: RHB Joseph Flynn 0-0: Swinging Strike
0-1: Ball
1-1: Swinging Strike
1-2: Strikes out swinging, 2-3 out at first.
Top of the 1st over - 0 runs, 0 hits, 0 errors, 0 left on base; Philadelphia 0 - Baltimore 0
BOTTOM OF THE 1ST
Baltimore Bulldogs batting - Pitching for Philadelphia Freedom : RHP Tucker Key
Pitching: RHP Tucker Key
Batting: LHB Andy Wulfeck 0-0: Ball
1-0: Called Strike
1-1: Ball
2-1: Swinging Strike
2-2: Strikes out swinging
Batting: RHB Joseph Olsen 0-0: Foul Ball, location: 2F
0-1: Ball
1-1: Fly out, F7 (Flyball, 78XD, EV 108.8 MPH)
Batting: LHB Grady Faulkner 0-0: Ball
1-0: Ball
2-0: Ball
3-0: Base on Balls
Batting: SHB Val Schmit 0-0: Ball
1-0: Ball
2-0: Foul Ball, location: 2F
2-1: Fly out, F9 (Flyball, BS6, EV 98.8 MPH)
Bottom of the 1st over - 0 runs, 0 hits, 0 errors, 1 left on base; Philadelphia 0 - Baltimore 0
TOP OF THE 2ND
Philadelphia Freedom batting - Pitching for Baltimore Bulldogs : LHP B.J. Armour
Batting: LHB Sage Emerson 0-0: Ball
1-0: Swinging Strike
1-1: Called Strike
1-2: Strikes out swinging
Batting: RHB Walter Muller 0-0: Foul Ball, location: 2F
0-1: Swinging Strike
0-2: Strikes out swinging
Batting: RHB Wellington Wingate 0-0: Ball
1-0: Called Strike
1-1: Ball
2-1: Called Strike
2-2: SINGLE (Line Drive, 6MD, EV 110.6 MPH)
Batting: RHB James Lester 0-0: Ball
1-0: Ball
2-0: 2-RUN HOME RUN (Flyball, 7D, EV 93.8 MPH), Distance : 364 ft
Batting: RHB Phillip Cox 0-0: Called Strike
0-1: Foul Ball, location: 2F
0-2: Ball
1-2: Ball
2-2: Ball
3-2: Strikes out swinging
Top of the 2nd over - 2 runs, 2 hits, 0 errors, 0 left on base; Philadelphia 2 - Baltimore 0
BOTTOM OF THE 2ND
Baltimore Bulldogs batting - Pitching for Philadelphia Freedom : RHP Tucker Key
Batting: LHB Owen Keimig 0-0: Fly out, F8 (Flyball, 8RS, EV 88.8 MPH)
Batting: SHB Cole Watson 0-0: Swinging Strike
0-1: Foul Ball, location: 2F
0-2: Foul Ball, location: 2F
0-2: Fly out, F6 (Line Drive, 6, EV 71.9 MPH)
Batting: RHB Kyle Dodiry 0-0: Called Strike
0-1: Swinging Strike
0-2: Ball
1-2: DOUBLE (Groundball, 5L, EV 98.1 MPH)
Batting: LHB Justin Castiglioni 0-0: Ground out 6-3 (Groundball, 6, EV 86.2 MPH)
Bottom of the 2nd over - 0 runs, 1 hit, 0 errors, 1 left on base; Philadelphia 2 - Baltimore 0
TOP OF THE 3RD
Philadelphia Freedom batting - Pitching for Baltimore Bulldogs : LHP B.J. Armour
Batting: RHB Garret Connors 0-0: Ball
1-0: Foul Ball, location: 2F
1-1: Called Strike
1-2: Strikes out looking
Batting: LHB Rob Morris 0-0: Ball
1-0: Foul Ball, location: 2F
1-1: SOLO HOME RUN (Flyball, 9LD, EV 99.4 MPH), Distance : 376 ft
Batting: RHB Markel Crawford 0-0: Foul Ball, location: 2F
0-1: Called Strike
0-2: Ball
1-2: Strikes out looking
Batting: RHB Joseph Flynn 0-0: Called Strike
0-1: Foul Ball, location: 2F
0-2: Foul Ball, location: 2F
0-2: Foul Ball, location: 2F
0-2: Ground out 4-3 (Groundball, 4, EV 78.1 MPH)
Top of the 3rd over - 1 run, 1 hit, 0 errors, 0 left on base; Philadelphia 3 - Baltimore 0
BOTTOM OF THE 3RD
Baltimore Bulldogs batting - Pitching for Philadelphia Freedom : RHP Tucker Key
Batting: LHB Peter Clothier 0-0: Called Strike
0-1: Ball
1-1: Reached on error, E4 (Groundball, 4, EV 105.6 MPH)
Batting: LHB Andy Wulfeck 0-0: Foul Ball, location: 2F
0-1: Ball
Peter Clothier steals 2nd base
1-1: Fly out, F8 (Flyball, 78XD, EV 95.6 MPH)
Runner from 2nd tags up, SAFE at 3rd, no throw by CF
Batting: RHB Joseph Olsen 0-0: Called Strike
0-1: Called Strike
0-2: Foul Ball, location: 2F
0-2: Ball
1-2: Foul Ball, location: 2F
1-2: Foul Ball, location: 2F
1-2: SINGLE (Line Drive, 6D, EV 97.5 MPH)
Peter Clothier scores
Batting: LHB Grady Faulkner 0-0: Ball
1-0: Ball
Joseph Olsen steals 2nd, throwing error, E2
Joseph Olsen to third
2-0: Ball
3-0: Base on Balls
Batting: SHB Val Schmit 0-0: Called Strike
0-1: 3-RUN HOME RUN (Flyball, 9LD, EV 96.9 MPH), Distance : 371 ft
Batting: LHB Owen Keimig 0-0: Ball
1-0: Called Strike
1-1: Called Strike
1-2: Ball
2-2: Foul Ball, location: 2F
2-2: Strikes out swinging
Batting: SHB Cole Watson 0-0: Ball
1-0: Swinging Strike
1-1: Ground out 5-3 (Groundball, 56, EV 104.4 MPH)
Bottom of the 3rd over - 4 runs, 2 hits, 2 errors, 0 left on base; Philadelphia 3 - Baltimore 4
TOP OF THE 4TH
Philadelphia Freedom batting - Pitching for Baltimore Bulldogs : LHP B.J. Armour
Batting: LHB Sage Emerson 0-0: Ball
1-0: Ball
2-0: Ball
3-0: Called Strike
3-1: Fly out, F8 (Flyball, 8RXD, EV 77.5 MPH)
Batting: RHB Walter Muller 0-0: Ground out 5-3 (Groundball, 56S, EV 83.1 MPH)
Batting: RHB Wellington Wingate 0-0: Ball
1-0: Fly out, F6 (Popup, 4M, EV 60.6 MPH)
Top of the 4th over - 0 runs, 0 hits, 0 errors, 0 left on base; Philadelphia 3 - Baltimore 4
BOTTOM OF THE 4TH
Baltimore Bulldogs batting - Pitching for Philadelphia Freedom : RHP Tucker Key
Batting: RHB Kyle Dodiry 0-0: Fly out, F8 (Flyball, 8RD, EV 78.1 MPH)
Batting: LHB Justin Castiglioni 0-0: Called Strike
0-1: Ball
1-1: Ball
2-1: Foul Ball, location: 2F
2-2: Ground out U3 (Groundball, 23, EV 83.1 MPH)
Batting: LHB Peter Clothier 0-0: Ball
1-0: Called Strike
1-1: Ball
2-1: Ball
3-1: Foul Ball, location: 2F
3-2: Foul Ball, location: 2F
3-2: Base on Balls
Batting: LHB Andy Wulfeck 0-0: Fly out, F7 (Flyball, 78S, EV 73.1 MPH)
Bottom of the 4th over - 0 runs, 0 hits, 0 errors, 1 left on base; Philadelphia 3 - Baltimore 4
TOP OF THE 5TH
Philadelphia Freedom batting - Pitching for Baltimore Bulldogs : LHP B.J. Armour
Batting: RHB James Lester 0-0: Ball
1-0: Ball
2-0: Foul Ball, location: 2F
2-1: DOUBLE (Line Drive, 8LXD, EV 105.0 MPH)
Batting: RHB Phillip Cox 0-0: Ball
1-0: Ball
2-0: Ball
3-0: Called Strike
3-1: Bunted foul
3-2: Foul Ball, location: 2F
3-2: Ground out 1-3 (Groundball, P, EV 68.8 MPH)
James Lester to third
Batting: RHB Garret Connors 0-0: Called Strike
0-1: Ball
1-1: Ball
2-1: Foul Ball, location: 2F
2-2: Strikes out looking
Batting: LHB Rob Morris 0-0: Fly out, F9 (Line Drive, 9LM, EV 111.2 MPH)
Top of the 5th over - 0 runs, 1 hit, 0 errors, 1 left on base; Philadelphia 3 - Baltimore 4
BOTTOM OF THE 5TH
Baltimore Bulldogs batting - Pitching for Philadelphia Freedom : RHP Tucker Key
Batting: RHB Joseph Olsen 0-0: Ball
1-0: Called Strike
1-1: SINGLE (Line Drive, 6D, EV 98.1 MPH)
Batting: LHB Grady Faulkner 0-0: Ball
1-0: Called Strike
Joseph Olsen steals 2nd base (no throw)
1-1: Called Strike
1-2: Ball
2-2: Ground out 6-3 (Groundball, 6, EV 84.4 MPH)
Joseph Olsen to third
Batting: SHB Val Schmit 0-0: Ball
1-0: Ball
2-0: Foul Ball, location: 2F
2-1: Ground out U3 (Groundball, 3, EV 88.1 MPH)
Batting: LHB Owen Keimig 0-0: Ball
1-0: Swinging Strike
1-1: Ball
2-1: Swinging Strike
2-2: Ball
3-2: Base on Balls
Batting: SHB Cole Watson 0-0: Called Strike
0-1: Fly out, F8 (Flyball, 78D, EV 90.6 MPH)
Bottom of the 5th over - 0 runs, 1 hit, 0 errors, 2 left on base; Philadelphia 3 - Baltimore 4
TOP OF THE 6TH
Philadelphia Freedom batting - Pitching for Baltimore Bulldogs : LHP B.J. Armour
Batting: RHB Markel Crawford 0-0: Ball
1-0: Swinging Strike
1-1: SINGLE (Line Drive, 8LS, EV 105.0 MPH)
Batting: RHB Joseph Flynn 0-0: Called Strike
0-1: Ball
1-1: Ball
2-1: SINGLE (Groundball, 6MD, EV 96.2 MPH)
Markel Crawford to second
Runner from 2nd tries for 3rd, SAFE, throw by CF made to third
Batting: LHB Sage Emerson 0-0: Called Strike
0-1: SINGLE (Groundball, 25, EV 74.4 MPH) (infield hit)
Joseph Flynn to second
Batting: RHB Walter Muller 0-0: Swinging Strike
0-1: Fly out, F8 (Flyball, 89S, EV 90.0 MPH)
Batting: RHB Wellington Wingate 0-0: Ball
1-0: Ball
2-0: Swinging Strike
2-1: Ball
3-1: Called Strike
3-2: Foul Ball, location: 2F
3-2: Base on Balls
Markel Crawford scores
Joseph Flynn to third
Sage Emerson to second
Batting: RHB James Lester 0-0: SINGLE (Line Drive, 7S, EV 103.1 MPH)
Joseph Flynn scores
Sage Emerson to third
Wellington Wingate to second
Pitching: RHP Brian Roberts
Batting: RHB Phillip Cox 0-0: Ball
1-0: Called Strike
1-1: Ball
2-1: Ball
3-1: Foul Ball, location: 2F
3-2: Base on Balls
Sage Emerson scores
Wellington Wingate to third
James Lester to second
Batting: RHB Garret Connors 0-0: Ball
1-0: Ball
2-0: Ball
3-0: Foul Ball, location: 2F
3-1: DOUBLE (Groundball, 5L, EV 98.1 MPH)
Wellington Wingate scores
James Lester scores
Phillip Cox to third
Batting: LHB Rob Morris 0-0: Intentional Walk
Batting: RHB Markel Crawford 0-0: Called Strike
0-1: Foul Ball, location: 2F
0-2: Fielders Choice at 3rd, U5 (Groundball, 5L, EV 88.8 MPH)
Phillip Cox scores
Rob Morris to second
Batting: RHB Joseph Flynn 0-0: Ball
1-0: Foul Ball, location: 2F
1-1: 3-RUN HOME RUN (Line Drive, 78XD, EV 116.2 MPH), Distance : 436 ft
Pitching: RHP Jim Miller
Batting: LHB Sage Emerson 0-0: Called Strike
0-1: Ball
1-1: Called Strike
1-2: Ball
2-2: Strikes out swinging
Top of the 6th over - 9 runs, 6 hits, 0 errors, 0 left on base; Philadelphia 12 - Baltimore 4
BOTTOM OF THE 6TH
Baltimore Bulldogs batting - Pitching for Philadelphia Freedom : RHP Tucker Key
Batting: RHB Kyle Dodiry 0-0: Ball
1-0: Called Strike
1-1: Foul Ball, location: 2F
1-2: Strikes out swinging
Batting: LHB Justin Castiglioni 0-0: Ball
1-0: Ball
2-0: Called Strike
2-1: Ground out U3 (Groundball, 3L, EV 104.4 MPH)
Batting: LHB Peter Clothier 0-0: Ball
1-0: Ball
2-0: Called Strike
2-1: Foul Ball, location: 2F
2-2: Strikes out swinging
Bottom of the 6th over - 0 runs, 0 hits, 0 errors, 0 left on base; Philadelphia 12 - Baltimore 4
TOP OF THE 7TH
Philadelphia Freedom batting - Pitching for Baltimore Bulldogs : RHP Jim Miller
Batting: RHB Walter Muller 0-0: Called Strike
0-1: Ball
1-1: Ball
2-1: SINGLE (Groundball, P, EV 75.6 MPH) (infield hit)
Batting: RHB Wellington Wingate 0-0: Fly out, F8 (Flyball, 8LD, EV 75.6 MPH)
Batting: RHB James Lester 0-0: Fly out, F7 (Flyball, 78S, EV 93.1 MPH)
Batting: RHB Phillip Cox 0-0: Ball
Walter Muller steals 2nd base
1-0: Called Strike
1-1: Called Strike
1-2: Strikes out looking
Top of the 7th over - 0 runs, 1 hit, 0 errors, 1 left on base; Philadelphia 12 - Baltimore 4
BOTTOM OF THE 7TH
Baltimore Bulldogs batting - Pitching for Philadelphia Freedom : RHP Tucker Key
Pitching: RHP Turner Hicks
Batting: LHB Andy Wulfeck 0-0: Foul Ball, location: 2F
0-1: Ball
1-1: Ball
2-1: Swinging Strike
2-2: Foul Ball, location: 2F
2-2: Fly out, F4 (Popup, 4S, EV 76.9 MPH)
Batting: RHB Joseph Olsen 0-0: Called Strike
0-1: Swinging Strike
0-2: Strikes out looking
Batting: LHB Grady Faulkner 0-0: Ball
1-0: Foul Ball, location: 2F
1-1: Reaches on Catchers interference
Batting: SHB Val Schmit 0-0: Foul Ball, location: 2F
0-1: Foul Ball, location: 2F
0-2: Foul Ball, location: 2F
0-2: Strikes out swinging
Bottom of the 7th over - 0 runs, 0 hits, 1 error, 1 left on base; Philadelphia 12 - Baltimore 4
TOP OF THE 8TH
Philadelphia Freedom batting - Pitching for Baltimore Bulldogs : RHP Jim Miller
Batting: RHB Garret Connors 0-0: Ball
1-0: SINGLE (Groundball, 56, EV 96.9 MPH)
Batting: LHB Rob Morris 0-0: Called Strike
0-1: Hit by Pitch
Garret Connors to second
Batting: RHB Markel Crawford 0-0: Called Strike
0-1: Swinging Strike
0-2: Ball
1-2: Ball
2-2: Ball
3-2: Foul Ball, location: 2F
3-2: Strikes out swinging
Batting: RHB Joseph Flynn 0-0: Grounds into double play, 6-4-3 (Groundball, 6, EV 86.2 MPH)
Top of the 8th over - 0 runs, 1 hit, 0 errors, 1 left on base; Philadelphia 12 - Baltimore 4
BOTTOM OF THE 8TH
Baltimore Bulldogs batting - Pitching for Philadelphia Freedom : RHP Turner Hicks
Batting: LHB Owen Keimig 0-0: Ground out 6-3 (Groundball, 6, EV 81.9 MPH)
Batting: SHB Cole Watson 0-0: Ball
1-0: Foul Ball, location: 2F
1-1: Fly out, F8 (Flyball, 8RD, EV 90.6 MPH)
Batting: RHB Kyle Dodiry 0-0: Foul Ball, location: 2F
0-1: Called Strike
0-2: Ball
1-2: Strikes out swinging
Bottom of the 8th over - 0 runs, 0 hits, 0 errors, 0 left on base; Philadelphia 12 - Baltimore 4
TOP OF THE 9TH
Philadelphia Freedom batting - Pitching for Baltimore Bulldogs : RHP Jim Miller
Batting: LHB Sage Emerson 0-0: Ball
1-0: Ball
2-0: Fly out, F9 (Flyball, 89M, EV 88.8 MPH)
Batting: RHB Walter Muller 0-0: Ball
1-0: Swinging Strike
1-1: Swinging Strike
1-2: Strikes out swinging
Batting: RHB Wellington Wingate 0-0: Ball
1-0: Fly out, F7 (Flyball, 7S, EV 88.8 MPH)
Top of the 9th over - 0 runs, 0 hits, 0 errors, 0 left on base; Philadelphia 12 - Baltimore 4
BOTTOM OF THE 9TH
Baltimore Bulldogs batting - Pitching for Philadelphia Freedom : RHP Turner Hicks
Pinch Hitting: SHB Ulisses Schnopp 0-0: Foul Ball, location: 2F
0-1: SINGLE (Groundball, 4MS, EV 93.8 MPH) (infield hit)
Batting: LHB Peter Clothier 0-0: Foul Ball, location: 2F
0-1: Swinging Strike
0-2: Ball
1-2: Ball
2-2: Strikes out looking
Batting: LHB Andy Wulfeck 0-0: SINGLE (Flyball, 8LS, EV 97.5 MPH)
Ulisses Schnopp to second
Batting: RHB Joseph Olsen 0-0: Called Strike
0-1: Fly out, F6 (Line Drive, 6M, EV 69.4 MPH)
Lined into DP, U6 (Line Drive, 6M, EV 65.6 MPH)
Bottom of the 9th over - 0 runs, 2 hits, 0 errors, 1 left on base; Philadelphia 12 - Baltimore 4
Monday, May 13th , 2024 - OOTP Baseball 23.10 Build 110